 Dungeon Crawl Stone Soup version 0.31.0-9-g3a7656b989 (webtiles) character file.

Game seed: 5173570616303078620

153 qw the Skirmisher (level 5, 0/29 HPs)
             Began as a Deep Elf Hunter on Feb 2, 2024.
             Succumbed to their own poison gas
             ... on level 3 of the Dungeon.
             The game lasted 00:00:09 (2827 turns).

qw the Skirmisher (Deep Elf Hunter)                 Turns: 2827, Time: 00:00:10

Health: 0/29       AC: 13    Str: 15 (16) XL:     5   Next: 12%
Magic:  7/7        EV: 11    Int: 14      God:
Gold:   132        SH:  0    Dex: 17 (18) Spells: 4/4 levels left

rFire   . . .        a - +0 shortbow
rCold   . . .        (shield currently unavailable)
rNeg    . . .        h - +2 ring mail
rPois   .            (no helmet)
rElec   .            e - +2 cloak
rCorr   .            j - +2 pair of gloves
SInv    .            (no boots)
Will    .....        (no amulet)
Stlth   +            k - +6 ring of strength
HPRegen 0.24/turn    (no ring)
MPRegen 0.10/turn

%: no passive effects
@: lethally poisoned (0 -> -3)
A: no striking features
a: no special abilities


You were on level 3 of the Dungeon.
You visited 1 branch of the dungeon, and saw 3 of its levels.

You collected 132 gold pieces.


   Skills:
 - Level 1.5 Fighting
 + Level 8.5 Ranged Weapons
 - Level 2.4 Dodging
 - Level 1.2 Stealth


You had 4 spell levels left.
You didn't know any spells.
Your spell library was empty.

Inventory:

Hand Weapons
 a - a +0 shortbow (weapon)
Armour
 e - a +2 cloak (worn)
 h - a +2 ring mail (worn)
 j - a +2 pair of gloves (worn)
Jewellery
 k - a +6 ring of strength (left hand)
Scrolls
 i - a scroll of teleportation
Potions
 g - a potion of haste
 l - a potion of magic {unknown}

Dungeon Overview and Level Annotations

Branches:
Dungeon (3/15)

Altars:
Elyvilon
Nemelex Xobeh
Uskayaw
Yredelemnul
Zin

Annotations:
D:3 3 runed translucent doors, qw's ghost, weakling SpHu


Message History

2814 ||| READING scroll labelled VAYHAIGG MAYXKONE.
The air fills with toxic fumes!
As you read the scroll labelled VAYHAIGG MAYXKONE, it crumbles to dust.
It was a scroll of poison.
2815 ||| DRINKING 2 silvery potions.
It was a potion of ambrosia.
You are confused.
You feel invigorated.
2816 ||| DRINKING potion of curing.
You feel better.
2816 ||| (to cure confusion)
You feel less invigorated.
2817 ||| DROPPING scroll of immolation.
You drop a scroll of immolation.
2818 ||| DROPPING potion of ambrosia.
You drop a potion of ambrosia.
What level of the Dungeon? (default 3, ? - help) Sorry, I don't know how to get there.
Enter note:
Enter note:
Enter note:
Enter note:
Enter note:
Enter note: You are engulfed in poison gas.
You are poisoned.
You feel very sick.
2820 ||| Stepping ~*~*~tactically~*~*~ (cloud).
You feel very sick.
Things that are here:
a potion of ambrosia; a scroll of immolation
There is a lethal amount of poison in your body!
You feel very sick.
There is a lethal amount of poison in your body!
You feel very sick.
There is a lethal amount of poison in your body!
You feel sick.
There is a lethal amount of poison in your body!
You feel sick.
There is a lethal amount of poison in your body!
You feel sick.
There is a lethal amount of poison in your body!
You feel sick.
There is a lethal amount of poison in your body!
You die...

~.~~~~~~~....# #..........
~~~~~~~~~....##########.####....#
.~~....~.##############.####....~
.........##############.##.......
########..)...#########.##.#.....
...#...###.##[#########.##.#.....
..#..#..#..##.########..##.#.....
#..#..#))..##...0######.##.#.....
.#).#..#########@#.#######.#.....
...#...# ####$W+.¤0.###..........
######## ####).+.0¤0###.###......
####$.+¤00.###.##..#####
#######.#.####.##.## #
####..00#####..##.# #
####.########..##.#
####)########.....#
#.)....))..>.###


You could see qw's ghost.

Vanquished Creatures
  An orc wizard (D:3)
  A hound zombie (D:3)
  5 adders
  A ribbon worm (D:3)
  7 orcs (D:3)
  4 bats
  3 endoplasms
  2 giant cockroaches (D:3)
  14 goblins
  7 hobgoblins
  2 jackals (D:2)
  3 kobolds
  A quokka (D:2)
  2 ball pythons
  2 frilled lizards
  A quokka zombie (D:3)
56 creatures vanquished.

Notes
Turn   | Place    | Note
-------+----------+-------------------------------------------
     0 | D:1      | qw the Deep Elf Hunter began the quest for the Orb.
     0 | D:1      | Reached XP level 1. HP: 12/12 MP: 3/3
     0 | D:1      | 0 ||| qw: Version: 0.3-a-155-g5e7d8dd
     0 | D:1      | 0 ||| qw: Game counter: 2809
     0 | D:1      | 0 ||| qw: Melee chars always use a shield: true
     0 | D:1      | 0 ||| qw: God list: Okawaru
     0 | D:1      | 0 ||| qw: Allow faded altars: false
     0 | D:1      | 0 ||| qw: Do Orc after clearing Dungeon:15 true
     0 | D:1      | 0 ||| qw: Do second Lair branch before Depths: true
     0 | D:1      | 0 ||| qw: Lair rune preference: random
     0 | D:1      | 0 ||| qw: Goals: Normal
     0 | D:1      | 0 ||| PLANNING D:1-11
   458 | D:1      | Reached XP level 2. HP: 16/16 MP: 4/4
   484 | D:1      | Reached skill level 6 in Ranged Weapons
   572 | D:1      | 572 ||| UPGRADING to +0 cloak.
   577 | D:1      | 577 ||| UPGRADING to +2 pair of gloves.
   582 | D:1      | 582 ||| READING 4 scrolls labelled NIFFIVIUDE.
   582 | D:1      | 582 ||| ENCHANTING +0 cloak.
   583 | D:1      | 583 ||| READING 3 scrolls of enchant armour.
   583 | D:1      | 583 ||| ENCHANTING +1 cloak.
   584 | D:1      | 584 ||| READING 2 scrolls labelled OCZEAD VUAS.
   589 | D:1      | 589 ||| DRINKING 2 fuming coppery potions.
   590 | D:1      | 590 ||| DROPPING scroll of butterflies.
   591 | D:1      | 591 ||| DROPPING potion of degeneration.
   865 | D:2      | 865 ||| DRINKING 2 purple potions.
   866 | D:2      | 866 ||| DRINKING 3 grey potions.
   895 | D:2      | 895 ||| DROPPING potion of attraction.
   896 | D:2      | 896 ||| DROPPING 2 potions of lignification.
  1261 | D:2      | Reached XP level 3. HP: 20/20 MP: 5/5
  1396 | D:2      | Found a white marble altar of Elyvilon.
  1461 | D:2      | Reached skill level 7 in Ranged Weapons
  1700 | D:2      | 1700 ||| READING 2 scrolls labelled NIHONT WAMEDO.
  1700 | D:2      | 1700 ||| IDENTIFYING amethyst potion
  1701 | D:2      | 1701 ||| READING scroll of identify.
  1701 | D:2      | 1701 ||| IDENTIFYING ruby potion
  1967 | D:3      | 1967 ||| FLEEEEING.
  1968 | D:3      | 1968 ||| FLEEEEING.
  1969 | D:3      | 1969 ||| FLEEEEING.
  1970 | D:3      | 1970 ||| FLEEEEING.
  1971 | D:3      | 1971 ||| FLEEEEING.
  1972 | D:3      | 1972 ||| FLEEEEING.
  1973 | D:3      | 1973 ||| FLEEEEING.
  1974 | D:3      | 1974 ||| FLEEEEING.
  1975 | D:3      | 1975 ||| FLEEEEING.
  1976 | D:3      | 1976 ||| FLEEEEING.
  2037 | D:3      | Reached XP level 4. HP: 25/25 MP: 6/6
  2048 | D:3      | Found a glowing silver altar of Zin.
  2052 | D:3      | Found a hide-covered altar of Uskayaw.
  2158 | D:3      | Found a sparkling altar of Nemelex Xobeh.
  2176 | D:3      | Found a runed translucent gate.
  2176 | D:3      | Found a runed translucent gate.
  2176 | D:3      | Found a runed translucent gate.
  2176 | D:3      | Noticed qw's ghost (weakling SpHu)
  2178 | D:3      | 2178 ||| UPGRADING to +0 ring mail.
  2179 | D:3      | 2179 ||| UPGRADING to +0 ring mail.
  2198 | D:3      | Reached skill level 8 in Ranged Weapons
  2200 | D:3      | 2200 ||| DROPPING +0 leather armour.
  2201 | D:3      | 2201 ||| READING 2 scrolls of enchant armour.
  2201 | D:3      | 2201 ||| ENCHANTING +0 ring mail.
  2202 | D:3      | 2202 ||| READING scroll of enchant armour.
  2202 | D:3      | 2202 ||| ENCHANTING +1 ring mail.
  2203 | D:3      | Found a basalt altar of Yredelemnul.
  2231 | D:3      | 2231 ||| FLEEEEING.
  2232 | D:3      | 2232 ||| FLEEEEING.
  2233 | D:3      | 2233 ||| FLEEEEING.
  2245 | D:3      | Reached XP level 5. HP: 18/29 MP: 7/7
  2811 | D:3      | 2811 ||| UPGRADING to +6 ring of strength.
  2812 | D:3      | 2812 ||| READING 2 scrolls labelled HUGOAR ARRA.
  2813 | D:3      | 2813 ||| READING scroll labelled BAHI CERGHAU.
  2814 | D:3      | 2814 ||| READING scroll labelled VAYHAIGG MAYXKONE.
  2815 | D:3      | 2815 ||| DRINKING 2 silvery potions.
  2816 | D:3      | 2816 ||| DRINKING potion of curing.
  2816 | D:3      | 2816 ||| (to cure confusion)
  2817 | D:3      | 2817 ||| DROPPING scroll of immolation.
  2818 | D:3      | 2818 ||| DROPPING potion of ambrosia.
  2820 | D:3      | 2820 ||| Stepping ~*~*~tactically~*~*~ (cloud).
  2822 | D:3      | HP: 6/29 [poisoned by you (poison gas)]
  2824 | D:3      | HP: 2/29 [poisoned by you (poison gas)]
  2827 | D:3      | Succumbed to their own poison gas

Levels and vault maps discovered:
D:1:      psy_arrival_conway, layout_rooms, patterned_corridor
D:2:      layout_loops_ring, serial_co_window_serial, co_window_corner_a,
          co_window_cross_1, co_window_paths_a, co_window_paths_b,
          co_window_of_opportunity_a, co_window_of_opportunity_c,
          co_window_corner_b, co_window_broadway_a, co_window_corner_ca,
          co_window_4corner_b, co_window_4corner_a, basic_altar
D:3:      kennysheep_the_goblin_king, layout_basic, marbit_many_paths,
          nicolae_overflow_hidden_temple, nicolae_yredelemnul_ghost_church,
          grunt_decor_junction, chequers_serial_rivers_large_a

Skill      XL: |  1  2  3  4 |
---------------+-------------+-----
Ranged Weapons | 6 7 8 |  8.5
Fighting       | |  1.5
Dodging        | |  2.4
Stealth        | |  1.2

Action                     |  1- 3 |  4- 6 || total
---------------------------+-------+-------++-------
   Fire: Shortbow          |   123 |    74 ||   197
    Use: Scroll            |     5 |     5 ||    10
         Potion            |     3 |     2 ||     5
 Armour: Leather armour    |    45 |    18 ||    63
         Ring mail         |       |    11 ||    11
         Skin              |       |     2 ||     2
  Dodge: Dodged            |    37 |    28 ||    65

Table legend:
 A = Non-vault XP
 B = Vault XP
 C = Vault XP percentage of total XP
 D = Non-vault monster count
 E = Vault monster count
 F = Vault count percentage of total count
                 A         B        C        D         E       F
            +---------+---------+-------+---------+---------+-------
      Total |     170 |      49 |  22.4 |      46 |      10 |  17.9
            +---------+---------+-------+---------+---------+-------
        D:1 |      14 |       0 |   0.0 |       8 |       0 |   0.0
        D:2 |      51 |       0 |   0.0 |      16 |       0 |   0.0
        D:3 |     105 |      49 |  31.8 |      22 |      10 |  31.2
            +---------+---------+-------+---------+---------+-------
